 Dungeon Crawl Stone Soup version 0.30-a0-778-g2ef04afb54 (webtiles) character file.

Game seed: 233131495386542806

3925 scionoferis the Nimble (level 9, -13/74 HPs)
             Began as a Demigod Hexslinger on Feb 16, 2023.
             Mangled by a death yak (20 damage)
             ... on level 8 of the Dungeon.
             The game lasted 00:23:05 (7310 turns).

scionoferis the Nimble (Demigod Hexslinger)         Turns: 7310, Time: 00:23:05

Health: -13/74     AC:  9    Str: 11    XL:     9   Next: 70%
Magic:  13/13      EV: 21    Int: 15    God:
Gold:   251        SH:  0    Dex: 35    Spells: 9/10 levels left

rFire   . . .      SeeInvis .    a - +4 dagger of the Swamp {drain, Dex+3}
rCold   . . .      Faith    .    (no shield)
rNeg    . . .      Spirit   .    F - +1 leather armour
rPois   .          Reflect  .    z - +2 helmet
rElec   .          Harm     .    E - scarf {+Inv}
rCorr   .          Rampage  .    h - +0 pair of gloves
Will    .....                    y - +0 pair of boots {Fly}
Stlth   ++++                     (no amulet)
HPRegen 0.32/turn                c - ring of flight
MPRegen 0.13/turn                H - +6 ring of dexterity

@: flying, studying Throwing
A: high MP 1, forlorn, divine attributes
a: Evoke Invisibility


You were on level 8 of the Dungeon.
You visited 1 branch of the dungeon, and saw 8 of its levels.

You collected 401 gold pieces.
You spent 150 gold pieces at shops.


Innate Abilities, Weirdness & Mutations

You have an increased reservoir of magic. (+10% MP)
You shall have no god before yourself.
Your divine heritage dramatically boosts your attributes as you level up.


   Skills:
 + Level 5.5 Fighting
 * Level 7.5 Long Blades
 - Level 1.7 Ranged Weapons
 * Level 8.2 Dodging
 - Level 5.0 Stealth
 - Level 1.0 Spellcasting
 - Level 2.6 Hexes


You had 9 spell levels left.
You knew the following spells:

 Your Spells              Type           Power      Damage    Failure   Level
a - Slow                  Hex            32%        N/A       11%         1

Your spell library contained the following spells:

 Spells                   Type           Power      Damage    Failure   Level
 Foxfire                  Conj/Fire      0%         2x1d4     32%         1
 Freeze                   Ice            0%         1d3       32%         1
 Magic Dart               Conj           0%         1d3       32%         1
 Sandblast                Erth           0%         2d4       32%         1
 Passwall                 Tmut/Erth      0%         N/A       43%         2
 Searing Ray              Conj           0%         2d4       43%         2
 Inner Flame              Hex/Fire       4%         N/A       50%         3
 Portal Projectile        Hex/Tloc       8%         N/A       50%         3
 Frozen Ramparts          Ice            0%         1d1       67%         3
 Hailstorm                Conj/Ice       0%         3d3       67%         3
 Ignite Poison            Fire/Tmut/Pois 0%         N/A       67%         3
 Kindle Blastsparks       Fire/Tloc/Air  0%         2d10      67%         3
 Stone Arrow              Conj/Erth      0%         3d7       67%         3
 Cause Fear               Hex            4%         N/A       71%         4
 Fulminant Prism          Conj/Hex       2%         3d5       88%         4
 Animate Armour           Summ/Erth      0%         N/A       97%         4
 Fireball                 Conj/Fire      0%         3d3       100%        5
 Freezing Cloud           Conj/Ice/Air   0%         6-21      100%        5
 Starburst                Conj/Fire      0%         6d3       100%        6
 Lehudib's Crystal Spear  Conj/Erth      0%         10d2      100%        8

Inventory:

Hand Weapons
 a - the +4 dagger of the Swamp (weapon) {drain, Dex+3}
   (You took it off an orc on level 4 of the Dungeon)

   Dex:       It affects your dexterity (+3).
 b - the +1 arbalest of Denamp {penet, Int-5 Dex+6}
   (You found it on level 6 of the Dungeon)

   Int:       It affects your intelligence (-5).
   Dex:       It affects your dexterity (+6).
 e - a +0 falchion
   (You found it on level 2 of the Dungeon)
 C - a +1 dagger of speed
   (You took it off a kobold on level 3 of the Dungeon)
 D - a +1 dagger of electrocution
   (You took it off an orc on level 4 of the Dungeon)
 K - a +1 sling
Missiles
 g - 26 poisoned darts
Armour
 h - a +0 pair of gloves (worn)
   (You found it on level 1 of the Dungeon)
 m - the +1 ring mail "Kewyob" {+Blink}
   (You found it on level 2 of the Dungeon)

   +Blink:    It lets you blink.
 y - a +0 pair of boots of flying (worn)
   (You bought it in a shop on level 4 of the Dungeon)
 z - a +2 helmet (worn)
   (You found it on level 4 of the Dungeon)
 B - a +0 buckler
   (You found it on level 4 of the Dungeon)
 E - a scarf of invisibility (worn)
   (You found it on level 4 of the Dungeon)
 F - a +1 leather armour (worn)
   (You took it off an orc on level 4 of the Dungeon)
 M - +0 acid dragon scales
   (You took it off Maggie on level 8 of the Dungeon)
Jewellery
 c - a ring of flight (left hand)
   (You found it on level 5 of the Dungeon)
 r - a ring of fire
   (You took it off a hobgoblin on level 2 of the Dungeon)
 H - a +6 ring of dexterity (right hand)
   (You found it on level 5 of the Dungeon)
Wands
 w - a wand of flame (19)
   (You took it off a kobold on level 4 of the Dungeon)
 L - a wand of roots (12)
   (You found it on level 6 of the Dungeon)
Scrolls
 d - a scroll of amnesia
 f - a scroll of silence
 k - 5 scrolls of teleportation
 l - 2 scrolls of fog
 o - a scroll of immolation
 s - 5 scrolls of poison
 t - a scroll of torment
 v - a scroll of enchant weapon
 G - a scroll of vulnerability
 I - a scroll of enchant armour
 J - a scroll of fear
 N - a scroll of identify
Potions
 i - 5 potions of curing {unknown}
 j - 2 potions of brilliance {unknown}
 n - 5 potions of degeneration {unknown}
 p - a potion of heal wounds {unknown}
 q - 2 potions of magic {unknown}
 u - a potion of resistance {unknown}
 x - 3 potions of mutation {unknown}
 A - a potion of ambrosia {unknown}

Dungeon Overview and Level Annotations

Branches:
Dungeon (8/15)             Temple (0/1) D:6            Lair (0/5) D:8

Shops:
D:4 [

Annotations:
D:7 1 runed translucent door, Beavis's ghost, novice DsHu

..#
##[.)..###
...##
#....[...#
.....#
##..#../..#
.[....#
#...##....#
....P..##
##..####)..#
....>....$..#
#...# ##..#
.....l.PY..#
#..#######[#
......
#.######
#..#..)()[)#
.....
#..†Y@.#
#.##.#######
...# ######.#
#<##....# ..#
#.# #######.#
#.#
#.#########.#
# #.#
#...........#
# #.#
#.###########
# #.##### #.#
#### #.....#
#.# ...#
#.###.#####.#


You could see a death yak (drained).


Message History

You hear the crackle of electricity.
D - a +1 dagger of electrocution (weapon)
Found an encrusted ivory wand.
The helpless phantom fails to defend itself.
You spit the phantom like a pig!!!
You destroy the phantom!
Your Long Blades skill increases to level 5!
Your +1 dagger of electrocution stops crackling.
You feel agile.
You sense an unholy aura.
a - the +4 dagger of the Swamp (weapon)
{drain, Dex+3}
b - a +1 sling (weapon)
J - a scroll labelled TELYKHOAGY An ice beast comes into view.
Found 2 boomerangs and a book of Armaments.
You see here a wand of roots (12).
Found an iridescent arbalest.
Found a robe, a book of Conjurations and a scroll of identify.
You feel agile.
You sense an unholy aura.
a - the +4 dagger of the Swamp (weapon)
{drain, Dex+3} The helpless ice beast fails to defend itself.
You perforate the ice beast like a sieve!!!
You kill the ice beast!
Your Fighting skill increases to level 4!
Your Stealth skill increases to level 4!
You see here the +1 arbalest of Denamp {penet, Int-5 Dex+6}.
K - the +1 arbalest of Denamp {penet, Int-5 Dex+6}
Okay, then.
You start removing your armour.
You continue taking off your +0 buckler. x4
You finish taking off your +0 buckler.
Adjust to which letter? (? for menu, Esc to quit)
K - a +1 sling
b - the +1 arbalest of Denamp {penet, Int-5 Dex+6} You feel stupid.
You feel agile.
Your hands briefly pass through it before you manage to get a firm grip on it.
b - the +1 arbalest of Denamp (weapon)
{penet, Int-5 Dex+6}
L - a scroll of identify
As you read the scroll of identify, it crumbles to dust.
d - a scroll of amnesia
Found a stone staircase leading down.
You pick up a book of Armaments and begin reading...
You add the spells Animate Armour and Lehudib's Crystal Spear to your library.
An adder comes into view.
You shoot a bolt.
The bolt pierces through the adder but does no damage.
The adder hisses angrily.
You hear a bark!
A hound comes into view.
You shoot a bolt. The bolt pierces through the adder!
You kill the adder!
The bolt pierces through the hound!!
You kill the hound!
Your Dodging skill increases to level 6!
No target in view!
k - 4 scrolls of teleportation (gained 1)
L - a wand of roots (12)
A scorpion comes into view.
Found a robe.
You shoot a bolt. The bolt pierces through the scorpion!
The scorpion is heavily wounded.
You shoot a bolt.
The bolt pierces through the scorpion but does no damage.
The scorpion is heavily wounded.
You shoot a bolt. The bolt closely misses the scorpion.
The scorpion misses you.
You feel agile.
You sense an unholy aura.
a - the +4 dagger of the Swamp (weapon)
{drain, Dex+3} The scorpion misses you.
You hit the scorpion but do no damage.
The scorpion is moderately wounded.
The scorpion misses you.
You hit the scorpion.
The scorpion is severely wounded.
The scorpion completely misses you.
You hit the scorpion but do no damage. You drain the scorpion.
The scorpion is almost dead.
The scorpion stings you but does no damage.
You hit the scorpion.
You kill the scorpion!
No target in view!
You feel stupid.
You feel agile.
Your hands briefly pass through it before you manage to get a firm grip on it.
b - the +1 arbalest of Denamp (weapon)
{penet, Int-5 Dex+6} You see here a scorpion corpse.
Found a long sword.
You pick up a book of Conjurations and begin reading...
You add the spells Magic Dart, Searing Ray and Fulminant Prism to your library.
There is a dry fountain here.
An orc priest comes into view. It is wielding a +0 short sword.
You shoot a bolt.
The bolt pierces through the orc priest!
The orc priest is almost dead.
You hear a shout!
You hear an angry hiss.
An iguana comes into view.
The orc priest invokes the aid of Beogh against you.
Beogh smites you!
An orc warrior comes into view. It is wielding a +0 short sword.
The orc warrior shouts!
You shoot a bolt. The bolt pierces through the iguana!!
You kill the iguana!
Fire: b) +1 arbalest of Denamp {penet, Int-5 Dex+6}
Press: ? - help, Q - select action, (/) - cycle Shift-Dir - straight line, f - orc warrior
Aim: an orc warrior, wielding a +0 short sword and wearing a +0 plate armour (68% to hit)
You shoot a bolt. The bolt closely misses the orc priest.
The bolt pierces through the orc warrior!!
The orc warrior is severely wounded.
An orc comes into view. It is wielding a +0 whip.
Fire: b) +1 arbalest of Denamp {penet, Int-5 Dex+6}
Press: ? - help, Q - select action, (/) - cycle Shift-Dir - straight line, f - orc priest, p - orc warrior
Aim: an orc priest, wielding a +0 short sword and wearing a +0 scale mail (almost dead, 71% to hit)
You shoot a bolt.
The bolt pierces through the orc priest!
You kill the orc priest!
The bolt pierces through the orc warrior but does no damage.
The orc warrior is severely wounded.
The bolt pierces through the orc!
You kill the orc!
Fire: b) +1 arbalest of Denamp {penet, Int-5 Dex+6}
Press: ? - help, Q - select action, (/) - cycle Shift-Dir - straight line, f - orc warrior
Aim: an orc warrior, wielding a +0 short sword and wearing a +0 plate armour (severely wounded, 68% to hit)
You shoot a bolt.
The bolt pierces through the orc warrior but does no damage.
The orc warrior is severely wounded.
A scorpion comes into view.
The orc warrior completely misses you.
You feel agile.
You sense an unholy aura.
a - the +4 dagger of the Swamp (weapon)
{drain, Dex+3} The orc warrior misses you.
You hit the orc warrior but do no damage.
The orc warrior is severely wounded.
You closely miss the orc warrior.
The orc warrior is severely wounded.
The orc warrior hits you with a +0 short sword!
You closely miss the orc warrior.
The orc warrior is severely wounded.
The orc warrior hits you with a +0 short sword.
You hit the orc warrior but do no damage.
You drain the orc warrior.
The orc warrior is almost dead.
The orc warrior closely misses you.
You hit the orc warrior but do no damage.
You drain the orc warrior.
The orc warrior is almost dead.
The orc warrior barely misses you.
You closely miss the orc warrior.
The orc warrior is almost dead.
The orc warrior hits you with a +0 short sword.
You closely miss the orc warrior.
The orc warrior is almost dead.
You barely miss the orc warrior.
The orc warrior is almost dead.
The orc warrior completely misses you.
You hit the orc warrior.
You kill the orc warrior!
You hit the scorpion. You drain the scorpion.
The scorpion is lightly wounded.
The scorpion stings you but does no damage.
You hit the scorpion but do no damage.
The scorpion is lightly wounded.
The scorpion stings you.
You are poisoned.
The scorpion poisons you!
You hit the scorpion.
The scorpion is moderately wounded.
You feel sick. The scorpion misses you.
You hit the scorpion but do no damage.
The scorpion is moderately wounded.
You feel sick. The scorpion barely misses you.
You closely miss the scorpion.
The scorpion is moderately wounded.
You feel sick. The scorpion completely misses you.
You barely miss the scorpion.
The scorpion is moderately wounded.
You feel sick. The scorpion misses you.
You closely miss the scorpion.
The scorpion is moderately wounded.
The scorpion closely misses you.
You hit the scorpion. You drain the scorpion.
The scorpion is severely wounded.
You feel sick. The scorpion closely misses you.
You hit the scorpion.
The scorpion is severely wounded.
You feel sick.
You closely miss the scorpion.
The scorpion is severely wounded.
You feel sick.
You are no longer poisoned.
The scorpion closely misses you.
You closely miss the scorpion.
The scorpion is severely wounded.
The scorpion closely misses you.
You hit the scorpion. You drain the scorpion.
You kill the scorpion!
You feel stupid.
You feel agile.
Your hands briefly pass through it before you manage to get a firm grip on it.
b - the +1 arbalest of Denamp (weapon)
{penet, Int-5 Dex+6} You start resting.
HP restored.
Things that are here:
a +0 short sword; a +0 plate armour; a scorpion corpse
Found a pair of boots.
Found a flail.
You now have 135 gold pieces (gained 8).
You see here a +0 flail.
A wight comes into view. It is wielding a +0 spear.
You shoot a bolt. The bolt pierces through the wight!
The wight is severely damaged.
A wight comes into view. It is wielding a +5 mace.
A wight comes into view. It is wielding a +0 great sword.
You shoot a bolt. The bolt pierces through the wight!
The wight is severely damaged.
The bolt closely misses the wight.
You shoot a bolt. The bolt pierces through the wight!!
You destroy the wight!
The bolt pierces through the wight!
You destroy the wight!
The bolt pierces through the wight!
You destroy the wight!
Things that are here:
a +5 mace; a +0 robe A wight comes into view.
It is wielding a +0 spear.
The wight moves out of view.
Things that are here:
a +0 spear; a +0 robe
Things that are here:
a +0 great sword; a +0 robe You shoot a bolt.
The bolt barely misses the wight.
You shoot a bolt. The bolt pierces through the wight!
The wight is heavily damaged.
You shoot a bolt. The bolt pierces through the wight!!
You destroy the wight!
An orc comes into view. It is wielding a +0 hand axe.
An orc comes into view. It is wielding a +0 club.
Fire: b) +1 arbalest of Denamp {penet, Int-5 Dex+6}
Press: ? - help, Q - select action, (/) - cycle Shift-Dir - straight line, f - orc
Aim: an orc, wielding a +0 club (wandering, hasn't noticed you, 68% to hit)
You shoot a bolt. The orc shouts!
The orc shouts!
The bolt pierces through the orc.
You kill the orc!
The bolt pierces through the orc!
You kill the orc!
An orc comes into view. It is wielding a +0 club.
Fire: b) +1 arbalest of Denamp {penet, Int-5 Dex+6}
Press: ? - help, Q - select action, (/) - cycle Shift-Dir - straight line, f - orc
Aim: an orc, wielding a +0 club (wandering, hasn't noticed you, 68% to hit)
You shoot a bolt. The orc shouts!
The bolt pierces through the orc.
The orc is severely wounded.
An orc comes into view. It is wielding a +0 hand axe.
Fire: b) +1 arbalest of Denamp {penet, Int-5 Dex+6}
Press: ? - help, Q - select action, (/) - cycle Shift-Dir - straight line, f - orc, p - orc
Aim: an orc, wielding a +0 hand axe (wandering, hasn't noticed you, 68% to hit)
You shoot a bolt. The orc shouts!
The bolt pierces through the orc.
You kill the orc!
The bolt pierces through the orc!!
You kill the orc!
You see here a +0 club.
You see here a +0 hand axe.
Found a stone staircase leading up.
You now have 147 gold pieces (gained 12).
Things that are here:
a +0 hand axe; a +0 club; an orc corpse An orc comes into view.
It is wielding a +0 dagger.
You shoot a bolt. The orc shouts!
The bolt pierces through the orc!
You kill the orc!
You now have 158 gold pieces (gained 11).
Found a stone staircase leading up.
n - 5 fizzy blue potions (gained 1)
M - a scroll of identify
As you read the scroll of identify, it crumbles to dust.
G - a scroll of vulnerability You reach down and open the door.
Found a snail-covered altar of Cheibriados.
There is an open door here.
There is an open door here.
Things that are here:
a +0 dagger; a +0 scale mail; an orc corpse
There is a stone staircase leading up here.
Done exploring.
Done exploring.
Search for what [? for help]? d: Unknown command.
Things that are here:
a +0 dagger; a +0 scale mail; an orc corpse
There is a stone staircase leading down here.
Unknown command.
You fly downwards.
Found a sling and 23 gold pieces.
Found a stone staircase leading down.
There is a stone staircase leading up here.
Found a trident.
You see here a +0 sling.
Found a mace.
You now have 168 gold pieces (gained 10).
There is a stone staircase leading up here.
You now have 181 gold pieces (gained 13).
An orc comes into view. It is wielding a +0 short sword.
You shoot a bolt. The bolt pierces through the orc.
The orc shouts!
The orc is heavily wounded.
You shoot a bolt. The bolt pierces through the orc!!
You kill the orc!
Found a stone staircase leading up.
An orc wizard comes into view. It is wielding a +0 dagger.
You shoot a bolt. The bolt misses the orc wizard.
The orc wizard shouts!
You hear a shout!
An orc comes into view. It is wielding a +0 club.
You shoot a bolt. The bolt closely misses the orc wizard.
The orc wizard casts a spell at you. The puff of flame hits you.
The orc wizard casts a spell at you.
The magic dart hits you but does no damage.
An orc wizard comes into view. It is wielding a +0 dagger.
An iguana comes into view.
You shoot a bolt.
The bolt pierces through the orc wizard.
The orc wizard is moderately wounded.
You shoot a bolt. The bolt pierces through the iguana!!
You kill the iguana!
The bolt pierces through the orc wizard!
The orc wizard is almost dead.
You hear a shout! x2
The orc wizard casts a spell at you. The magic dart hits you.
You shoot a bolt.
The bolt pierces through the orc wizard!!
You kill the orc wizard!
The orc wizard gestures at you while chanting.
The magic dart hits you.
You shoot a bolt. The bolt closely misses the orc wizard.
The orc wizard gestures at you while chanting.
The magic dart hits you!
You feel agile.
You sense an unholy aura.
a - the +4 dagger of the Swamp (weapon)
{drain, Dex+3} The orc wizard hits you but does no damage.
You hit the orc wizard but do no damage.
The orc wizard is almost dead.
The orc wizard casts a spell.
The orc wizard flickers and vanishes!
Deactivating autopickup; reactivate with Ctrl-A.
Something hits you but does no damage.
You hear some strange, mumbled words.
Something tries to affect you, but you resist.
You barely miss the orc. The orc misses you.
You hit something.
Reactivating autopickup.
You feel a bit more experienced.
Things that are here:
a +0 dagger; a +0 robe You closely miss the orc.
The orc misses you.
You closely miss the orc. The orc misses you.
You closely miss the orc. The orc barely misses you.
You hit the orc.
The orc is lightly wounded.
The orc closely misses you.
You hit the orc.
The orc is severely wounded.
The orc misses you.
You hit the orc.
You kill the orc!
Things that are here:
a +0 dagger; a +0 robe You feel stupid.
You feel agile.
Your hands briefly pass through it before you manage to get a firm grip on it.
b - the +1 arbalest of Denamp (weapon)
{penet, Int-5 Dex+6} A centaur comes into view.
You shoot a bolt. The bolt pierces through the centaur!
The centaur is almost dead.
You hear a shout!
The centaur wields a +0 shortbow.
The centaur shoots an arrow.
The arrow hits you but does no damage.
The centaur shoots an arrow.
The arrow closely misses you.
You shoot a bolt. The bolt pierces through the centaur.
You kill the centaur!
An orc warrior comes into view. It is wielding a +0 battleaxe.
You shoot a bolt.
The bolt pierces through the orc warrior!!
The orc warrior is severely wounded.
You feel agile.
You sense an unholy aura.
a - the +4 dagger of the Swamp (weapon)
{drain, Dex+3} You hit the orc warrior but do no damage.
You drain the orc warrior.
The orc warrior is almost dead.
An orc wizard comes into view. It is wielding a +0 dagger.
The orc warrior completely misses you.
You hit the orc warrior but do no damage.
You drain the orc warrior.
You kill the orc warrior!
Your Long Blades skill increases to level 6!
You feel stupid.
You feel agile.
Your hands briefly pass through it before you manage to get a firm grip on it.
b - the +1 arbalest of Denamp (weapon)
{penet, Int-5 Dex+6} You shoot a bolt.
The bolt pierces through the orc wizard!
The orc wizard is severely wounded.
The orc wizard gestures at you while chanting.
The magic dart hits you.
You shoot a bolt. The bolt barely misses the orc wizard.
The orc wizard gestures at you while chanting.
The puff of flame misses you.
You shoot a bolt.
The bolt pierces through the orc wizard!
You kill the orc wizard!
HP restored.
Things that are here:
a +0 dagger; a +0 robe; an iguana corpse
Found a white marble altar of Elyvilon.
Things that are here:
a +0 shortbow; a centaur corpse
Found a runed translucent door.
A scorpion comes into view.
You shoot a bolt. The bolt pierces through the scorpion!!
You kill the scorpion!
Found 7 stones.
Found a stone staircase leading down.
A hound comes into view.
You shoot a bolt. The bolt pierces through the hound!
You kill the hound!
You have reached level 9!
Your experience leads to a dramatic increase in your attributes!
Your base attributes are Str 11, Int 15, Dex 22.
Increase (S)trength, (I)ntelligence, or (D)exterity?
You feel agile. x4
An orc comes into view. It is wielding a +0 hand axe.
You shoot a bolt. The bolt pierces through the orc!!
You kill the orc!
A killer bee comes into view.
You see here a scroll of identify.
Unknown command.
A killer bee and a bullfrog come into view.
The bullfrog croaks.
A killer bee comes into view.
A killer bee comes into view.
A killer bee comes into view.
Fire: b) +1 arbalest of Denamp {penet, Int-5 Dex+6}
Press: ? - help, Q - select action, (/) - cycle Shift-Dir - straight line, f - killer bee
Aim: a killer bee (wandering, hasn't noticed you, 48% to hit)
You shoot a bolt. The bolt closely misses the bullfrog.
The killer bee buzzes angrily.
The killer bee buzzes angrily.
The bolt pierces through the killer bee!
You kill the killer bee!
You hear an angry buzzing noise. x2
A killer bee comes into view.
The killer bee moves out of view.
The bullfrog barely misses you. The bullfrog closely misses you.
Fire: b) +1 arbalest of Denamp {penet, Int-5 Dex+6}
Press: ? - help, Q - select action, (/) - cycle Shift-Dir - straight line You shoot a bolt.
The bolt closely misses the bullfrog.
The bolt pierces through the killer bee!
The killer bee is almost dead.
The bolt closely misses the killer bee.
The bolt pierces through the killer bee!
The killer bee is severely wounded.
You hear an angry buzzing noise.
The bullfrog hits you.
The bullfrog hits you but does no damage.
The bullfrog completely misses you.
Fire: b) +1 arbalest of Denamp {penet, Int-5 Dex+6}
Press: ? - help, Q - select action, (/) - cycle Shift-Dir - straight line, f - bullfrog
Aim: a bullfrog (64% to hit)
You shoot a bolt. The killer bee buzzes angrily.
The bolt pierces through the bullfrog!!
The bullfrog is almost dead.
The bolt closely misses the killer bee.
The bolt pierces through the killer bee!!
You kill the killer bee!
The bolt pierces through the killer bee!!
You kill the killer bee!
The bullfrog misses you. x2
Your Dodging skill increases to level 7!
Fire: b) +1 arbalest of Denamp {penet, Int-5 Dex+6}
Press: ? - help, Q - select action, (/) - cycle Shift-Dir - straight line, f/p - bullfrog
Aim: a bullfrog (almost dead, 64% to hit)
You shoot a bolt. The bolt barely misses the bullfrog.
The bolt closely misses the killer bee.
The bolt misses the killer bee.
The bullfrog misses you.
The bullfrog hits you but does no damage.
The bullfrog closely misses you.
Fire: b) +1 arbalest of Denamp {penet, Int-5 Dex+6}
Press: ? - help, Q - select action, (/) - cycle Shift-Dir - straight line, f/p - bullfrog
Aim: a bullfrog (almost dead, 64% to hit)
You shoot a bolt. The bolt barely misses the bullfrog.
The bolt pierces through the killer bee!
You kill the killer bee!
The bolt pierces through the killer bee!!
You kill the killer bee!
The bullfrog completely misses you. The bullfrog hits you.
The bullfrog closely misses you.
Fire: b) +1 arbalest of Denamp {penet, Int-5 Dex+6}
Press: ? - help, Q - select action, (/) - cycle Shift-Dir - straight line, f - killer bee, p - bullfrog
Aim: a killer bee (wandering, hasn't noticed you, 48% to hit)
You shoot a bolt. The bolt barely misses the bullfrog.
The killer bee buzzes angrily.
The bolt pierces through the killer bee!!
You kill the killer bee!
The bullfrog barely misses you. The bullfrog hits you. The bullfrog misses you.
Training target 5.0 for Stealth reached!
Your Stealth skill increases to level 5!
Fire: b) +1 arbalest of Denamp {penet, Int-5 Dex+6}
Press: ? - help, Q - select action, (/) - cycle Shift-Dir - straight line, f - bullfrog
Aim: a bullfrog (almost dead, 64% to hit)
Okay, then.
You feel agile.
You sense an unholy aura.
a - the +4 dagger of the Swamp (weapon)
{drain, Dex+3} The bullfrog completely misses you.
You closely miss the bullfrog.
The bullfrog is almost dead.
The bullfrog completely misses you.
You barely miss the bullfrog.
The bullfrog is almost dead.
The bullfrog completely misses you.
You hit the bullfrog.
You kill the bullfrog!
You feel stupid.
You feel agile.
Your hands briefly pass through it before you manage to get a firm grip on it.
b - the +1 arbalest of Denamp (weapon)
{penet, Int-5 Dex+6} You start resting.
HP restored.
You see here a bullfrog corpse.
You see here a killer bee corpse.
M - a scroll of identify
As you read the scroll of identify, it crumbles to dust.
I - a scroll of enchant armour
M - a scroll of identify
As you read the scroll of identify, it crumbles to dust.
J - a scroll of fear You now have 200 gold pieces (gained 19).
Found a stone staircase leading up.
You now have 210 gold pieces (gained 10).
A water moccasin comes into view.
You feel agile.
You sense an unholy aura.
a - the +4 dagger of the Swamp (weapon)
{drain, Dex+3}
Found 2 yellow potions.
You see here 9 gold pieces.
The helpless water moccasin fails to defend itself.
You stick the water moccasin like a pincushion!!!
You kill the water moccasin!
You feel stupid.
You feel agile.
Your hands briefly pass through it before you manage to get a firm grip on it.
b - the +1 arbalest of Denamp (weapon)
{penet, Int-5 Dex+6} You now have 219 gold pieces (gained 9).
You now have 236 gold pieces (gained 17).
There is a stone staircase leading up here.
i - 5 yellow potions (gained 2)
Found a stone staircase leading down.
You see here a +0 trident.
There is a stone staircase leading down here.
There is a stone staircase leading up here.
An iguana comes into view.
You shoot a bolt. The bolt pierces through the iguana.
The iguana hisses angrily.
The iguana is moderately wounded.
You shoot a bolt. The bolt closely misses the iguana.
You shoot a bolt. The bolt pierces through the iguana.
The iguana is severely wounded.
You shoot a bolt. The bolt pierces through the iguana!!
You kill the iguana!
Press: ? - help, v - describe, . - travel, g - get item
Here: Beavis's ghost, wielding a weapon of electrocution (dormant, fire blocked by a runed translucent door) Item here: a scroll of identify.
Some shallow water.
Unknown command.
There is a stone staircase leading down here.
Search for what [Enter for "d:", or ? for help]? d:7 Unknown command.
Unknown command.
You fly downwards.
You hear the roar of battle.
There is an entrance to a bailey on this level.
Hurry and find it before the portal closes forever!
There is a stone staircase leading up here.
You feel agile.
You sense an unholy aura.
a - the +4 dagger of the Swamp (weapon)
{drain, Dex+3}
Found a scroll of identify.
The helpless Maggie fails to defend herself.
You perforate Maggie like a sieve!!!
You kill Maggie!
Your Fighting skill increases to level 5!
Things that are here:
a +1 glaive of distortion; +0 acid dragon scales; the human corpse of Maggie M - +0 acid dragon scales
Okay, then.
You feel stupid.
You feel agile.
Your hands briefly pass through it before you manage to get a firm grip on it.
b - the +1 arbalest of Denamp (weapon)
{penet, Int-5 Dex+6}
Found a Trismegistus Codex.
N - a scroll of identify You pick up a Trismegistus Codex and begin reading...
You add the spells Kindle Blastsparks, Ignite Poison and Freezing Cloud to your library.
Prince Ribbit comes into view.
Found a robe.
Prince Ribbit croaks.
You shoot a bolt. The bolt closely misses Prince Ribbit.
Prince Ribbit hits you. Prince Ribbit barely misses you.
You shoot a bolt.
The bolt completely misses Prince Ribbit.
Prince Ribbit hits you but does no damage.
Prince Ribbit closely misses you.
Prince Ribbit croaks regally.
Prince Ribbit hits you.
You feel agile.
You sense an unholy aura.
a - the +4 dagger of the Swamp (weapon)
{drain, Dex+3} You hit Prince Ribbit.
You drain Prince Ribbit.
Prince Ribbit is lightly wounded.
Prince Ribbit hits you but does no damage.
You puncture Prince Ribbit!
Prince Ribbit is moderately wounded.
Prince Ribbit blinks!
Prince Ribbit misses you.
You hit Prince Ribbit. You drain Prince Ribbit.
Prince Ribbit is severely wounded.
Prince Ribbit closely misses you.
You miss Prince Ribbit.
Prince Ribbit is heavily wounded.
Prince Ribbit hits you.
You hit Prince Ribbit.
Prince Ribbit is severely wounded.
Prince Ribbit hits you but does no damage.
You puncture Prince Ribbit! You drain Prince Ribbit.
Prince Ribbit is almost dead.
Prince Ribbit closely misses you.
You closely miss Prince Ribbit.
Prince Ribbit is almost dead.
Prince Ribbit croaks regally.
Prince Ribbit blinks!
You hit Prince Ribbit.
You kill Prince Ribbit!
Prince Ribbit returns to his original shape as he dies.
Your Long Blades skill increases to level 7!
You feel stupid.
You feel agile.
Your hands briefly pass through it before you manage to get a firm grip on it.
b - the +1 arbalest of Denamp (weapon)
{penet, Int-5 Dex+6} Sorry, I don't know how to traverse that place.
You hear the faint creaking of a very distant portcullis.
Found a short sword.
Found a scroll of teleportation.
k - 5 scrolls of teleportation (gained 1)
Found 15 gold pieces.
You now have 251 gold pieces (gained 15).
A basilisk comes into view.
A death yak and a wyvern come into view.
Found a staircase to the Lair.
You hear the faint creaking of a very distant portcullis.
A sky beast, a killer bee and 5 kobolds come into view.
Found a fuming cyan potion, a wand of flame (11) and a dagger.
The kobold shouts! x2; You hear a shout! x2
The kobold throws a stone.
The stone hits you but does no damage.
The kobold shouts!
You hear a shout!
You shoot a bolt. The bolt closely misses the killer bee.
You hear a shout!
The killer bee stings you. The killer bee barely misses you.
The killer bee completely misses you.
The sky beast flickers out of sight!
Deactivating autopickup; reactivate with Ctrl-A.
The killer bee completely misses you.
The killer bee stings you but does no damage.
You feel agile.
You sense an unholy aura.
a - the +4 dagger of the Swamp (weapon)
{drain, Dex+3} The killer bee closely misses you.
You miss the killer bee. The killer bee barely misses you.
The killer bee completely misses you.
You hit the killer bee. You drain the killer bee.
The killer bee is moderately wounded.
The killer bee misses you.
You hit the killer bee.
The killer bee is heavily wounded.
The killer bee closely misses you.
The killer bee stings you but does no damage.
You barely miss the killer bee.
The killer bee is heavily wounded.
The killer bee misses you.
You closely miss the killer bee.
The killer bee is heavily wounded.
The killer bee barely misses you. The killer bee completely misses you.
You puncture the killer bee!
You kill the killer bee!
The kobold attacks as you move away! The kobold closely misses you.
The kobold attacks as you move away! The kobold hits you but does no damage.
The kobold attacks as you move away! The kobold closely misses you.
You miss the kobold. You completely miss the kobold.
The kobold barely misses you.
You feel stupid.
You feel agile.
Your hands briefly pass through it before you manage to get a firm grip on it.
b - the +1 arbalest of Denamp (weapon)
{penet, Int-5 Dex+6} The kobold misses you.
Fire: b) +1 arbalest of Denamp {penet, Int-5 Dex+6}
Press: ? - help, Q - select action, (/) - cycle Shift-Dir - straight line, f - kobold
Aim: a kobold, wielding a +0 club (64% to hit)
You shoot a bolt. The bolt pierces through the kobold.
The kobold is severely wounded.
The bolt pierces through the kobold.
You kill the kobold!
The bolt pierces through the kobold!!
You kill the kobold!
The bolt pierces through the kobold.
The kobold is severely wounded.
The kobold misses you. The kobold completely misses you.
Fire: b) +1 arbalest of Denamp {penet, Int-5 Dex+6}
Press: ? - help, Q - select action, (/) - cycle Shift-Dir - straight line, f - kobold, p - kobold
Aim: a kobold, wielding a +0 whip (64% to hit)
You shoot a bolt. The bolt pierces through the kobold.
You kill the kobold!
The bolt pierces through the kobold!
You kill the kobold!
The bolt pierces through the kobold!
You kill the kobold!
You feel agile.
You sense an unholy aura.
a - the +4 dagger of the Swamp (weapon)
{drain, Dex+3} Something misses you.
You hit something.
You hear the faint creaking of a very distant portcullis.
Something closely misses you.
You hit something. You hit something. Something closely misses you.
You hit something. Something hits you but does no damage.
You hit something. Something hits you but does no damage.
You hit something. Something hits you but does no damage.
You hit something.
Reactivating autopickup.
You feel a bit more experienced.
Things that are here:
a +0 short sword; a sky beast corpse; a kobold corpse
Things that are here:
a +0 club; 4 stones You see here a +0 club.
You see here a +0 club.
A kobold brigand and 2 orcs come into view.
The kobold brigand is wielding a +0 trident and quivering curare-tipped darts.
An orc comes into view. It is wielding a +0 mace.
The orc moves out of view.
You see here a +0 whip.
You feel stupid.
You feel agile.
Your hands briefly pass through it before you manage to get a firm grip on it.
b - the +1 arbalest of Denamp (weapon)
{penet, Int-5 Dex+6} The orc shouts!
An orc comes into view. It is wielding a +0 dagger.
Fire: b) +1 arbalest of Denamp {penet, Int-5 Dex+6}
Press: ? - help, Q - select action, (/) - cycle Shift-Dir - straight line, f - orc
Aim: an orc, wielding a +0 dagger and wearing a +0 ring mail (wandering, hasn't noticed you, 73% to hit)
You shoot a bolt. The kobold brigand shouts!
The orc shouts!
The bolt pierces through the orc.
The orc is severely wounded.
The bolt pierces through the orc!!
You kill the orc!
You hear a croak.
Fire: b) +1 arbalest of Denamp {penet, Int-5 Dex+6}
Press: ? - help, Q - select action, (/) - cycle Shift-Dir - straight line, f - kobold brigand
Aim: a kobold brigand, wielding a +0 trident and quivering curare-tipped darts (64% to hit)
You shoot a bolt. The bolt pierces through the orc.
You kill the orc!
The bolt pierces through the kobold brigand!!
The kobold brigand is severely wounded.
The kobold brigand throws a curare-tipped dart.
The curare-tipped dart misses you.
A bullfrog comes into view.
Fire: b) +1 arbalest of Denamp {penet, Int-5 Dex+6}
Press: ? - help, Q - select action, (/) - cycle Shift-Dir - straight line, f - bullfrog, p - kobold brigand
Aim: a bullfrog (64% to hit)
You shoot a bolt.
The bolt pierces through the kobold brigand!
You kill the kobold brigand!
The bolt barely misses the bullfrog.
You feel agile.
You sense an unholy aura.
a - the +4 dagger of the Swamp (weapon)
{drain, Dex+3} You hit the orc.
The orc is moderately wounded.
The orc hits you but does no damage.
You barely miss the orc.
The orc is moderately wounded.
The orc misses you. The orc completely misses you.
You hit the orc. You drain the orc.
You kill the orc!
You hit the orc.
The orc is lightly wounded.
The orc closely misses you.
You closely miss the orc. The orc misses you.
You hit the orc. You drain the orc.
You kill the orc!
The bullfrog hits you.
You hit the bullfrog. You drain the bullfrog.
The bullfrog is moderately wounded.
The bullfrog barely misses you.
You closely miss the bullfrog.
The bullfrog is moderately wounded.
The bullfrog swells and bulges.
The bullfrog closely misses you.
You puncture the bullfrog! You drain the bullfrog.
The bullfrog is almost dead.
The bullfrog closely misses you.
You miss the bullfrog.
The bullfrog is almost dead.
The bullfrog misses you.
You puncture the bullfrog!
You kill the bullfrog!
Your Dodging skill increases to level 8!
Things that are here:
a +0 short sword; a +0 scale mail; a killer bee corpse
x - 3 fuming cyan potions (gained 1)
An orc wizard comes into view. It is wielding a +0 dagger.
You see here a wand of flame (11).
You feel stupid.
You feel agile.
Your hands briefly pass through it before you manage to get a firm grip on it.
b - the +1 arbalest of Denamp (weapon)
{penet, Int-5 Dex+6} You shoot a bolt.
The bolt barely misses the orc wizard.
The orc wizard shouts!
You shoot a bolt.
The bolt pierces through the orc wizard.
The orc wizard is moderately wounded.
You shoot a bolt. The bolt closely misses the orc wizard.
The orc wizard gestures at you while chanting.
You easily resist.
You feel agile.
You sense an unholy aura.
a - the +4 dagger of the Swamp (weapon)
{drain, Dex+3} You closely miss the orc wizard.
The orc wizard is moderately wounded.
The orc wizard hits you but does no damage.
You hit the orc wizard.
The orc wizard is moderately wounded.
The orc wizard casts a spell at you.
You easily resist.
You hit the orc wizard.
The orc wizard is heavily wounded.
You hit the orc wizard. You drain the orc wizard.
The orc wizard is severely wounded.
The orc wizard hits you with a +0 dagger.
You hit the orc wizard.
You kill the orc wizard!
No target in view!
You feel stupid.
You feel agile.
Your hands briefly pass through it before you manage to get a firm grip on it.
b - the +1 arbalest of Denamp (weapon)
{penet, Int-5 Dex+6}
Things that are here:
a +0 dagger; a +0 robe; an orc corpse You see here a +0 dagger.
Found a stone staircase leading down.
You hear the faint creaking of a distant portcullis.
Things that are here:
a +0 dagger; a +0 ring mail; an orc corpse
Found a stone staircase leading up.
There is a stone staircase leading up here.
You fly upwards.
Level annotation: 1 runed translucent door, Beavis's ghost, novice DsHu
There is a stone staircase leading down here.
You fly downwards.
You hear the roar of battle.
There is an entrance to a bailey on this level.
Hurry and find it before the portal closes forever!
There is a stone staircase leading up here.
Press: ? - help, . - travel You can't see that place. [the floor.]
You hear the faint creaking of a very distant portcullis.
Items here: ( )) ††.
Things that are here:
a +0 scale mail; a +0 short sword; a killer bee corpse
Items here: )) [ †.
You see here a +0 club.
Things that are here:
4 stones; a +0 club
Things that are here:
a +0 short sword; a sky beast corpse; a kobold corpse
Found 13 gold pieces.
Found a helmet.
A black bear comes into view.
The basilisk hisses angrily.
You hear a bellow!
The black bear growls angrily.
Fire: b) +1 arbalest of Denamp {penet, Int-5 Dex+6}
Press: ? - help, Q - select action, (/) - cycle Shift-Dir - straight line, f - death yak
Aim: a death yak (83% to hit)
You shoot a bolt. The wyvern hisses angrily.
The bolt pierces through the plant.
The plant begins to die.
The plant is lightly damaged.
The bolt pierces through the death yak.
The death yak is lightly wounded.
Fire: b) +1 arbalest of Denamp {penet, Int-5 Dex+6}
Press: ? - help, Q - select action, (/) - cycle Shift-Dir - straight line, f - wyvern
Aim: a wyvern (70% to hit)
You shoot a bolt. The bolt barely misses the wyvern.
The wyvern misses you. The wyvern completely misses you.
Fire: b) +1 arbalest of Denamp {penet, Int-5 Dex+6}
Press: ? - help, Q - select action, (/) - cycle Shift-Dir - straight line, f - black bear, p - wyvern
Aim: a black bear (75% to hit)
You shoot a bolt. The bolt closely misses the wyvern.
The basilisk hisses angrily.
The bolt pierces through the basilisk!!
The basilisk is severely wounded.
The bolt pierces through the black bear but does no damage.
The wyvern completely misses you. The wyvern barely misses you.
The wyvern bites you!
Fire: b) +1 arbalest of Denamp {penet, Int-5 Dex+6}
Press: ? - help, Q - select action, (/) - cycle Shift-Dir - straight line, f/p - black bear
Aim: a black bear (75% to hit)
You shoot a bolt. The bolt pierces through the wyvern.
The wyvern is lightly wounded.
The bolt pierces through the basilisk!!
You kill the basilisk!
The bolt pierces through the black bear but does no damage.
The wyvern barely misses you. The wyvern bites you!
The wyvern closely misses you.
Fire: b) +1 arbalest of Denamp {penet, Int-5 Dex+6}
Press: ? - help, Q - select action, (/) - cycle Shift-Dir - straight line, f/p - black bear
Aim: a black bear (75% to hit)
You shoot a bolt. The bolt pierces through the wyvern!
The wyvern is severely wounded.
The bolt pierces through the black bear.
The black bear is lightly wounded.
The wyvern completely misses you. The wyvern misses you.
Fire: b) +1 arbalest of Denamp {penet, Int-5 Dex+6}
Press: ? - help, Q - select action, (/) - cycle Shift-Dir - straight line, f/p - black bear
Aim: a black bear (lightly wounded, 75% to hit)
You shoot a bolt. The bolt closely misses the wyvern.
The bolt pierces through the black bear.
The black bear is moderately wounded.
The wyvern bites you but does no damage.
The wyvern completely misses you. The wyvern barely misses you.
Fire: b) +1 arbalest of Denamp {penet, Int-5 Dex+6}
Press: ? - help, Q - select action, (/) - cycle Shift-Dir - straight line, f/p - black bear
Aim: a black bear (moderately wounded, 75% to hit)
You shoot a bolt.
The bolt pierces through the wyvern but does no damage.
The wyvern is severely wounded.
The bolt pierces through the black bear!!
You kill the black bear!
You hear the creaking of a very distant portcullis.
The wyvern bites you! x2; The wyvern closely misses you.
Fire: b) +1 arbalest of Denamp {penet, Int-5 Dex+6}
Press: ? - help, Q - select action, (/) - cycle Shift-Dir - straight line, f - wyvern
Aim: a wyvern (severely wounded, 70% to hit)
You shoot a bolt. The bolt barely misses the wyvern.
The wyvern completely misses you. The wyvern closely misses you.
The wyvern bites you!
Fire: b) +1 arbalest of Denamp {penet, Int-5 Dex+6}
Press: ? - help, Q - select action, (/) - cycle Shift-Dir - straight line, f/p - wyvern
Aim: a wyvern (severely wounded, 70% to hit)
You shoot a bolt. The bolt pierces through the wyvern!
You kill the wyvern!
Things that are here:
a black bear corpse; a basilisk corpse The death yak bellows!
Things that are here:
a black bear corpse; a basilisk corpse Fire: b) +1 arbalest of Denamp {penet, Int-5 Dex+6}
Press: ? - help, Q - select action, (/) - cycle Shift-Dir - straight line, f - death yak
Aim: a death yak (83% to hit)
You shoot a bolt.
The bolt pierces through the death yak!!
The death yak is moderately wounded.
Fire: b) +1 arbalest of Denamp {penet, Int-5 Dex+6}
Press: ? - help, Q - select action, (/) - cycle Shift-Dir - straight line, f/p - death yak
Aim: a death yak (moderately wounded, 83% to hit)
You shoot a bolt. The bolt pierces through the death yak!
The death yak is heavily wounded.
You feel agile.
You sense an unholy aura.
a - the +4 dagger of the Swamp (weapon)
{drain, Dex+3} The death yak gores you but does no damage.
You puncture the death yak!
The death yak is heavily wounded.
The death yak gores you!!
* * * LOW HITPOINT WARNING * * *
You hit the death yak but do no damage.
The death yak is heavily wounded.
You hit the death yak but do no damage. You drain the death yak.
The death yak is severely wounded.
The death yak gores you!!
You die...

Skill      XL: |  1  2  3  4  5  6  7  8  9 |
---------------+----------------------------+-----
Fighting       | 1 2 3 4 5 |  5.5
Dodging        | 2 3 4 5 6 8 |  8.2
Stealth        | 1 2 3 4 5 |  5.0
Long Blades    | 1 2 3 4 6 7 |  7.5
Ranged Weapons | |  1.7
Spellcasting   | |  1.0
Hexes          | |  2.6

Action                     |  1- 3 |  4- 6 |  7- 9 || total
---------------------------+-------+-------+-------++-------
  Melee: Dagger            |       |   233 |   146 ||   379
         Falchion          |       |     8 |       ||     8
         Punch             |       |     1 |       ||     1
   Fire: Sling             |   124 |   117 |    13 ||   254
         Arbalest          |       |       |    69 ||    69
    Use: Scroll            |       |     6 |     4 ||    10
   Stab: Sleeping          |       |       |     4 ||     4
 Armour: Robe              |     5 |       |       ||     5
         Ring mail         |    29 |    83 |       ||   112
         Leather armour    |       |    14 |    35 ||    49
  Dodge: Dodged            |    63 |   138 |   124 ||   325
  Block: Buckler           |       |    19 |    12 ||    31

Levels and vault maps discovered:
D:1:      arrival_zaba_pyramid, layout_basic, minmay_small_reverse_x
D:2:      layout_basic, basic_altar, minmay_fractal_squares_5
D:3:      layout_basic, grunt_qazlal_sundering, fedhas_altar_3,
          mainiacjoe_overflow_alcove_4, ebering_ecumenical_altar_petrified,
          serial_corexii_hall, chequers_hall_statues_y, corexii_hall_statues_l
D:4:      layout_basic, lemuel_tele_altar, vehumet_altar_wand_db,
          dancing_weapons_uskayaw, grunt_dithmenos_smoke, serial_shops, shop,
          biasface_ghost_orc_armoury
D:5:      layout_loops_ring, minmay_manual_mail
D:6:      layout_rooms, mainiacjoe_overflow_surrounded_room,
          minmay_temple_entry_junction
D:7:      layout_rooms, lemuel_crystal_altar, ebering_ghost_reflecting_pool
D:8:      layout_basic, makhleb_altar_promises_db, david_lair_generic,
          enter_bailey_5, minmay_misc_feat_hallway, minmay_crossroads,
          uniq_maggie, uniq_joseph, uniq_prince_ribbit1

Notes
Turn   | Place    | Note
-------+----------+-------------------------------------------
     0 | D:1      | scionoferis the Demigod Hexslinger began the quest for the
                  | Orb.
     0 | D:1      | Reached XP level 1. HP: 15/15 MP: 4/4
   154 | D:1      | Reached skill level 1 in Fighting
   158 | D:1      | Reached skill level 2 in Dodging
   412 | D:1      | Reached XP level 2. HP: 23/23 MP: 5/5
   647 | D:2      | Identified the +1 ring mail "Kewyob" {+Blink}
   726 | D:1      | Reached skill level 1 in Stealth
   878 | D:2      | Reached XP level 3. HP: 18/28 MP: 6/6
  1126 | D:2      | Reached skill level 3 in Dodging
  1439 | D:2      | Reached XP level 4. HP: 36/36 MP: 8/8
  2040 | D:2      | Reached skill level 2 in Fighting
  2040 | D:2      | Reached skill level 1 in Long Blades
  3059 | D:4      | Found a runed translucent gate.
  3059 | D:4      | Found a runed translucent gate.
  3059 | D:4      | Found a runed translucent gate.
  3061 | D:4      | Identified the +4 dagger of the Swamp {drain, Dex+3}
  3062 | D:4      | Noticed arthad's ghost (amateur FeSu)
  3417 | D:4      | Reached XP level 5. HP: 36/41 MP: 9/9
  3501 | D:4      | Reached skill level 2 in Stealth
  3506 | D:4      | Reached skill level 2 in Long Blades
  3548 | D:4      | Noticed a +0 dagger
  3548 | D:4      | Noticed a +0 hand axe
  3758 | D:4      | Found Qoisot's Antique Armour Boutique.
  3763 | D:4      | Bought a pair of glowing boots for 150 gold pieces
  4511 | D:4      | Reached XP level 6. HP: 50/50 MP: 10/10
  4589 | D:4      | Killed arthad's ghost
  4590 | D:4      | Reached skill level 3 in Long Blades
  4590 | D:4      | Reached skill level 4 in Dodging
  4914 | D:5      | Entered Level 5 of the Dungeon
  5104 | D:5      | Noticed a water moccasin
  5117 | D:5      | Reached skill level 3 in Fighting
  5128 | D:5      | Killed a water moccasin
  5129 | D:5      | Reached skill level 3 in Stealth
  5129 | D:5      | Reached XP level 7. HP: 35/57 MP: 11/11
  5282 | D:5      | Noticed a wyvern
  5305 | D:5      | Killed a wyvern
  5306 | D:5      | Reached skill level 4 in Long Blades
  5306 | D:5      | Reached skill level 5 in Dodging
  5794 | D:5      | Reached XP level 8. HP: 50/66 MP: 12/12
  5922 | D:6      | Found the +5 scythe "Finisher" {speed, eviscerate}
  5922 | D:6      | Found a staircase to the Ecumenical Temple.
  5949 | D:6      | Reached skill level 5 in Long Blades
  5965 | D:6      | Reached skill level 4 in Fighting
  5965 | D:6      | Reached skill level 4 in Stealth
  5967 | D:6      | Identified the +1 arbalest of Denamp {penet, Int-5 Dex+6}
  5992 | D:6      | Reached skill level 6 in Dodging
  6564 | D:7      | Reached skill level 6 in Long Blades
  6618 | D:7      | Found a runed translucent door.
  6625 | D:7      | Noticed Beavis's ghost (novice DsHu)
  6657 | D:7      | Reached XP level 9. HP: 72/72 MP: 13/13
  6684 | D:7      | Reached skill level 7 in Dodging
  6687 | D:7      | Reached skill level 5 in Stealth
  6994 | D:8      | Noticed Maggie
  7000 | D:8      | Killed Maggie
  7001 | D:8      | Reached skill level 5 in Fighting
  7018 | D:8      | Noticed Prince Ribbit
  7029 | D:8      | Killed Prince Ribbit
  7030 | D:8      | Reached skill level 7 in Long Blades
  7093 | D:8      | Found a staircase to the Lair.
  7093 | D:8      | Noticed a death yak
  7176 | D:8      | Reached skill level 8 in Dodging
  7308 | D:8      | HP: 7/74 [death yak (20)]
  7310 | D:8      | Mangled by a death yak

Vanquished Creatures
  Maggie (D:8)
  Prince Ribbit (D:8)
  2 wyverns (D:5 D:8)
  The ghost of arthad the Caller, an amateur FeSu (D:4)
  A basilisk (D:8)
  2 water moccasins (D:5 D:7)
  2 orc warriors (D:6 D:7)
  2 ice beasts (D:6)
  A sky beast (D:8)
  A black bear (D:8)
  3 centaurs (D:5 D:7)
  2 phantoms (D:4 D:6)
  A kobold brigand (D:8)
  6 scorpions (D:5 D:6 D:7)
  2 bullfrogs (D:7 D:8)
  4 wights (D:6)
  7 killer bees (D:7 D:8)
  2 jellies (D:5)
  5 hounds (D:4 D:5 D:6 D:7)
  2 orc priests (D:4 D:6)
  3 iguanas (D:6 D:7)
  4 orc wizards (D:7 D:8)
  7 gnolls (D:2 D:4)
  6 adders (D:1 D:2 D:4 D:6)
  A white imp (D:4)
  An ufetubus (D:4)
  2 worms (D:2)
  3 dart slugs (D:2 D:3)
  23 orcs (D:4 D:3 D:6 D:7 D:8)
  8 endoplasms (D:2)
  4 giant cockroaches (D:1 D:2)
  9 goblins (D:1 D:2 D:3 D:4)
  4 hobgoblins (D:1 D:2 D:4)
  2 jackals (D:4)
  A quokka (D:1)
  3 ball pythons (D:1 D:2 D:4)
  6 bats (D:1 D:2 D:3 D:4)
  A frilled lizard (D:3)
  11 kobolds (D:1 D:2 D:3 D:4 D:8)
  3 rats (D:2 D:3)
150 creatures vanquished.

Vanquished Creatures (others)
  A plant (D:8)
1 creature vanquished.

Grand Total: 151 creatures vanquished

Table legend: (Time is in decaauts)
 A = Elapsed time spent in this place.
 B = Non-inter-level travel time spent in this place.
 C = Inter-level travel time spent in this place.
 D = Time resting spent in this place.
 E = Time spent auto-exploring this place.
 F = Levels seen in this place.
 G = Mean time per level.
                   A        B        C        D        E       F      G
               +--------+--------+--------+--------+--------+-----+--------+
         Total |   7371 |   6791 |    580 |    616 |   4270 |   8 |  921.4 |
       Dungeon |   7371 |   6791 |    580 |    616 |   4270 |   8 |  921.4 |
               +--------+--------+--------+--------+--------+-----+--------+

Top non-repeatable levels by time:
     D:4: 1644 daAuts
     D:2: 1333 daAuts
     D:3: 1091 daAuts
     D:5: 999 daAuts
     D:1: 887 daAuts
     D:6: 565 daAuts
     D:7: 532 daAuts
     D:8: 317 daAuts

Table legend:
 A = Non-vault XP
 B = Vault XP
 C = Vault XP percentage of total XP
 D = Non-vault monster count
 E = Vault monster count
 F = Vault count percentage of total count
                 A         B        C        D         E       F
            +---------+---------+-------+---------+---------+-------
      Total |    3356 |    2252 |  40.2 |     117 |      33 |  22.0
            +---------+---------+-------+---------+---------+-------
        D:1 |      13 |      22 |  62.9 |       8 |       6 |  42.9
        D:2 |     101 |      12 |  10.6 |      20 |       5 |  20.0
        D:3 |      16 |       3 |  15.8 |       9 |       1 |  10.0
        D:4 |     279 |     252 |  47.5 |      23 |       8 |  25.8
        D:5 |     431 |     591 |  57.8 |       5 |       6 |  54.5
        D:6 |    1100 |       0 |   0.0 |      20 |       0 |   0.0
        D:7 |    1171 |       0 |   0.0 |      20 |       0 |   0.0
        D:8 |     245 |    1372 |  84.8 |      12 |       7 |  36.8
            +---------+---------+-------+---------+---------+-------
